 Seeded DCSS version 0.30.1-6-gbe392663c4 (webtiles) character file.

Game seed: 15660985446129201502 (custom seed)

347 AccursedSamuel the Slasher (level 6, -1/38 HPs)
             Began as a Tengu Monk on Sept 21, 2023.
             Slain by Sigmund
             ... wielding a +0 scythe of holy wrath
              (8 damage)
             ... on level 4 of the Dungeon.
             The game lasted 00:07:06 (3541 turns).

AccursedSamuel the Slasher (Tengu Monk)             Turns: 3541, Time: 00:07:07

Health: -1/38      AC:  2    Str: 13    XL:     6   Next: 59%
Magic:  7/7        EV: 17    Int: 10    God:
Gold:   282        SH:  0    Dex: 17    Spells: 5/5 levels left

rFire   . . .        e - +6 triple sword (holy)
rCold   . . .        (shield currently unavailable)
rNeg    . . .        b - +0 robe
rPois   .            (helmet restricted)
rElec   .            (no cloak)
rCorr   .            (no gloves)
SInv    .            (boots unavailable)
Will    .....        (no amulet)
Stlth   ++           (no ring)
HPRegen 0.26/turn    (no ring)
MPRegen 0.10/turn

%: no passive effects
@: flying quickly and evasively, quick
A: beak, talons 3, nimble flight
a: no special abilities


You were on level 4 of the Dungeon.
You visited 1 branch of the dungeon, and saw 4 of its levels.

You collected 282 gold pieces.

Inventory:

Hand Weapons
 e - a +6 triple sword of holy wrath (weapon)
Armour
 b - a +0 robe (worn)
 d - an orb of light
Jewellery
 m - a +4 ring of protection
Scrolls
 f - a scroll of enchant armour {unknown}
 g - a scroll of noise {unknown}
 j - a scroll of identify {unknown}
 n - 6 scrolls of teleportation
 p - a scroll of fog {unknown}
 q - 2 scrolls of blinking {unknown}
 r - a scroll of torment {unknown}
Potions
 a - a potion of curing {unknown}
 c - a potion of ambrosia
 h - a potion of degeneration {unknown}
 i - a potion of attraction {unknown}
 k - a potion of heal wounds {unknown}
 l - 2 potions of magic {unknown}
 o - a potion of flight {unknown}


   Skills:
 + Level 4.2 Fighting
 + Level 4.5 Long Blades
 + Level 3.7 Axes
 + Level 4.5 Dodging
 + Level 1.6 Stealth


You had 5 spell levels left.
You didn't know any spells.
Your spell library contained the following spells:

 Spells                   Type           Power      Damage    Failure   Level
 Cigotuvi's Dreadful Rot  Necr/Pois/Air  0%         N/A       50%         2
 Lesser Beckoning         Tloc           0%         N/A       50%         2
 Gell's Gravitas          Tloc           0%         N/A       75%         3
 Ignite Poison            Fire/Tmut/Pois 0%         N/A       75%         3
 Teleport Other           Tloc           0%         N/A       75%         3
 Dispel Undead            Necr           0%         3d6       98%         4
 Sticky Flame             Conj/Fire      0%         2d3       98%         4
 Death Channel            Necr           0%         N/A       100%        6
 Ignition                 Fire           0%         3d3       100%        8


Dungeon Overview and Level Annotations

Branches:
Dungeon (4/15)
 Temple: D:4-7

Altars:
Wu Jian

Annotations:
D:2 1 runed translucent door, Crazy Yiuf
D:4 Sigmund


Innate Abilities, Weirdness & Mutations

You have a beak for a mouth.
You have claws for feet.
Your magical nature lets you fly swiftly and evasively.


Message History

The scorpion barely misses you.
You closely miss the scorpion. The scorpion misses you.
The scorpion stings you.
You barely miss the scorpion. The scorpion stings you.
You are poisoned.
The scorpion poisons you! The scorpion misses you.
You slash the scorpion!
You kill the scorpion!
You feel very sick.
You feel sick.
You feel sick.
You feel sick.
You feel sick.
You feel sick.
You feel sick.
You are no longer poisoned.
n - 6 scrolls of teleportation (gained 2) Ijyb the Twisted Goblin comes into view.
She is wielding a +0 club and carrying a wand of iceblast (2).
Ijyb is nearby!
Ijyb is nearby!
Ijyb is nearby!
Ijyb shouts!
Ijyb zaps a wand.
The mass of ice explodes!
The iceblast engulfs you!!
You hear a shout!
Ijyb closely misses you.
Sigmund the Dreaded comes into view.
He is wielding a +0 scythe of holy wrath.
You hit Ijyb. You claw Ijyb!
Ijyb is heavily wounded.
Ijyb hits you with a +0 club. x2
* * * LOW HITPOINT WARNING * * *
Sigmund closely misses you.
You slash Ijyb!
You kill Ijyb!
Sigmund hits you from afar with a +0 scythe of holy wrath.
* * * LOW HITPOINT WARNING * * *
Items here: ) / [ †.
You hit Sigmund. You claw Sigmund.
Sigmund is moderately wounded.
Sigmund hits you with a +0 scythe of holy wrath!
You die...

### ####.#
#....############
#.##.##......@@.#
#.##.##.#######.#
####.##.##.# #
.....##.##.#
.######.##.###..
##### .#
####......#.#
#....
.###.......#.#.#
########.##.
......######.#.#
#.........#.
##....# #.#.#
#.######..#.


You could see Sigmund.

Vanquished Creatures
  A scorpion (D:4)
  3 orc priests
  An iguana (D:4)
  Jessica (D:2)
  Ijyb (D:4)
  2 adders
  2 ufetubi (D:4)
  A worm (D:4)
  3 dart slugs
  8 orcs
  9 endoplasms
  2 giant cockroaches (D:2)
  8 goblins
  7 hobgoblins
  6 kobolds
  5 quokkas
  6 ball pythons
  3 bats
  7 frilled lizards
  8 rats
  A spectral kobold (D:2)
85 creatures vanquished.

Notes
Turn   | Place    | Note
-------+----------+-------------------------------------------
     0 | D:1      | AccursedSamuel the Tengu Monk began the quest for the Orb.
     0 | D:1      | Reached XP level 1. HP: 14/14 MP: 2/2
    84 | D:1      | Reached XP level 2. HP: 18/19 MP: 3/3
    89 | D:1      | Identified a scroll of acquirement
    89 | D:1      | Acquired a +6 triple sword of holy wrath
   593 | D:1      | Reached XP level 3. HP: 17/23 MP: 4/4
  1256 | D:2      | Found a faded altar of an unknown god.
  1452 | D:2      | Found a runed translucent door.
  1453 | D:2      | Noticed Crazy Yiuf
  1532 | D:2      | Reached skill level 1 in Long Blades
  1677 | D:2      | Noticed Jessica
  1681 | D:2      | Killed Jessica
  1682 | D:2      | Reached XP level 4. HP: 29/29 MP: 5/5
  2075 | D:3      | Gained mutation: Your magical nature lets you fly swiftly
                  | and evasively. [Tengu growth]
  2075 | D:3      | Reached XP level 5. HP: 20/33 MP: 6/6
  2238 | D:3      | Reached skill level 1 in Stealth
  2642 | D:3      | Found an ornate altar of the Wu Jian Council.
  2961 | D:4      | Reached XP level 6. HP: 28/38 MP: 7/7
  3533 | D:4      | Noticed Ijyb
  3537 | D:4      | Noticed Sigmund
  3539 | D:4      | Killed Ijyb
  3541 | D:4      | Slain by Sigmund

Illustrated notes

Levels and vault maps discovered:
D:1:      minmay_arrival_pointy, layout_loops_ring, minmay_gold_behind_fungi
D:2:      layout_basic, dreamdust_ecumenical_altar_drowned_temple,
          hangedman_decor_clover_reticule, fountainhead,
          uniq_crazy_yiuf_cottage, uniq_jessica
D:3:      layout_loops_ring, general_overflow_altar, serial_bayou_pond_d
D:4:      layout_basic, nicolae_eternal_life, uniq_ijyb, uniq_sigmund

Skill      XL: |  1  2  3  4  5  6 |
---------------+-------------------+-----
Long Blades    | 1 2 3 4 |  4.5
Dodging        | 4 |  4.5
Stealth        | 1 |  1.6
Fighting       | 4 |  4.2
Axes           | |  3.7

Action                     |  1- 3 |  4- 6 || total
---------------------------+-------+-------++-------
  Melee: Hand axe          |    13 |       ||    13
         Kick              |    18 |    13 ||    31
         Peck              |     8 |     6 ||    14
         Triple sword      |    60 |    71 ||   131
    Use: Scroll            |     2 |       ||     2
   Stab: Sleeping          |       |     5 ||     5
 Armour: Robe              |    13 |    18 ||    31
  Dodge: Dodged            |    79 |    95 ||   174
